 Dungeon Crawl Stone Soup version 0.31-a0-662-g684573625c (webtiles) character file.

Game seed: 13942944337321501869

42182 Conn the Eclecticist (level 13, -12/65 HPs)
             Began as a Deep Elf Fire Elementalist on Sept 1, 2023.
             Was a Priest of Sif Muna.
             Mangled by a skyshark (16 damage)
             ... on level 5 of the Lair of Beasts.
             The game lasted 01:01:32 (18483 turns).

Conn the Eclecticist (Deep Elf Fire Elementalist)  Turns: 18483, Time: 01:01:32

Health: -12/65     AC:  6    Str:  4    XL:     13   Next: 84%
Magic:  13/36      EV: 15    Int: 25    God:    Sif Muna [***...]
Gold:   930        SH:  5    Dex: 19    Spells: 10/46 levels left

rFire   + + .        r - staff of poison
rCold   + . .        (no shield)
rNeg    + . .        x - +2 robe {rC+ rF+}
rPois   +            F - +2 hat {Will+}
rElec   .            y - scarf {repulsion}
rCorr   .            (no gloves)
SInv    +            (no boots)
Will    ++...        w - amulet of reflection
Stlth   +++          k - ring of positive energy
HPRegen 0.30/turn    C - ring of see invisible
MPRegen 0.25/turn

%: repel missiles, reflection
@: no status effects
A: agile 1, fire resistance 1
a: Renounce Religion, Channel Magic, Forget Spell


You were on level 5 of the Lair of Beasts.
You worshipped Sif Muna.
Sif Muna was most pleased with you.
You visited 3 branches of the dungeon, and saw 17 of its levels.
You also visited: Bailey.

You collected 1162 gold pieces.
You spent 232 gold pieces at shops.

Inventory:

Hand Weapons
 s - a +2 hammer of protection
 G - the +3 hand axe "Raeshrinu" {spect, Stlth+}
   (You found it on level 8 of the Dungeon)

   Stlth+:    It makes you more stealthy.
Missiles
 B - 4 throwing nets
 H - 14 curare-tipped darts
Armour
 u - a +0 cloak of preservation
 x - a +2 robe of resistance (worn)
 y - a scarf of repulsion (worn)
 F - a +2 hat of willpower (worn)
 K - a +0 helmet
Magical Staves
 r - a staff of poison (weapon)
 E - a staff of air
Jewellery
 b - a ring of ice
 k - a ring of positive energy (left hand)
 l - an amulet of faith
 w - an amulet of reflection (around neck)
 C - a ring of see invisible (right hand)
 D - a ring of positive energy
 I - an amulet of guardian spirit
Wands
 d - a wand of charming (22)
 m - a wand of roots (3)
 J - a wand of mindburst (26)
Scrolls
 c - 4 scrolls of revelation
 h - 5 scrolls of immolation
 i - 3 scrolls of identify
 n - a scroll of torment
 p - 4 scrolls of fear
 q - 3 scrolls of fog
 v - 7 scrolls of teleportation
 z - 2 scrolls of amnesia
 N - 3 scrolls of enchant weapon {unknown}
Potions
 a - 2 potions of enlightenment
 e - 4 potions of curing
 f - 2 potions of might
 g - a potion of heal wounds
 j - 2 potions of resistance
 o - 2 potions of brilliance
 t - 2 potions of mutation
 A - a potion of attraction {unknown}
 L - a potion of lignification
 M - a potion of degeneration


   Skills:
 + Level 1.6 Fighting
 + Level 2.1 Maces & Flails
 + Level 5.4 Dodging
 + Level 4.5 Stealth
 + Level 1.9 Shields
 + Level 17.0 Spellcasting
 * Level 11.5 Conjurations
 + Level 2.5 Hexes
 + Level 5.6 Summonings
 + Level 12.4 Fire Magic
 - Level 5.7 Ice Magic
 + Level 6.6 Air Magic
 + Level 2.1 Poison Magic
 * Level 6.7 Invocations


You had 10 spell levels left.
You knew the following spells:

 Your Spells              Type           Power      Damage    Failure   Level
a - Foxfire               Conj/Fire      100%       2x1d9     1%          1
b - Scorch                Fire           100%       2d9       1%          2
c - Inner Flame           Hex/Fire       56%        N/A       1%          3
d - Flame Wave            Conj/Fire      69%        2d16      1%          4
e - Summon Small Mammal   Summ           100%       N/A       1%          1
f - Mephitic Cloud        Conj/Pois/Air  70%        N/A       1%          3
g - Call Imp              Summ           98%        N/A       1%          2
h - Swiftness             Air            53%        N/A       1%          3
i - Airstrike             Air            26%        2d(4-20)  1%          4
j - Summon Lightning Spi  Summ/Air       51%        N/A       1%          4
k - Starburst             Conj/Fire      34%        6d10      2%          6
l - Hailstorm             Conj/Ice       59%        3d13      1%          3

Your spell library contained the following spells:

 Spells                   Type           Power      Damage    Failure   Level
 Freeze                   Ice            100%       1d10      1%          1
 Kiss of Death            Conj/Necr      100%       2d13      1%          1
 Magic Dart               Conj           100%       1d8       1%          1
 Shock                    Conj/Air       100%       1d9       1%          1
 Sting                    Tmut/Pois      100%       1d8       1%          1
 Ensorcelled Hibernation  Hex/Ice        84%        N/A       1%          2
 Poisonous Vapours        Pois/Air       100%       N/A       1%          2
 Static Discharge         Conj/Air       100%       2-7/arc   1%          2
 Dazzling Flash           Conj/Hex       100%       N/A       1%          3
 Frozen Ramparts          Ice            100%       1d16      1%          3
 Volatile Blastmotes      Fire/Tloc      100%       2d18      1%          3
 Apportation              Tloc           42%        N/A       2%          1
 Necrotise                Necr           84%        1d8       2%          1
 Confusing Touch          Hex            34%        N/A       2%          3
 Sublimation of Blood     Necr           21%        N/A       3%          2
 Wereblood                Tmut           21%        N/A       3%          2
 Olgreb's Toxic Radiance  Pois           48%        N/A       10%         4
 Anguish                  Hex/Necr       13%        N/A       14%         4
 Dispel Undead            Necr           21%        3d11      24%         4
 Summon Hydra             Summ           24%        N/A       90%         7
 Maxwell's Capacitive Co  Air            26%        ∞         100%        8


Dungeon Overview and Level Annotations

Branches:
Dungeon (11/15)            Temple (1/1) D:5            Lair (5/5) D:10
 Spider (0/4) Lair:2        Slime (0/5) Lair:4          Orc (0/2) D:10
 Bailey (visited)
  Swamp: Lair:2-3    Shoals: Lair:2-3

Altars:
Ashenzari
Cheibriados
Dithmenos
Elyvilon
Fedhas
Gozag
Hepliaklqana
Kikubaaqudgha
Makhleb
Nemelex Xobeh
Okawaru
Qazlal
Ru
Sif Muna
Trog
Uskayaw
Vehumet
Wu Jian
Xom
Yredelemnul
Zin
The Shining One

Shops:
D:2 [   D:5 [=   D:7 ?

Annotations:
Lair:3 1 transporter, Tyvach's ghost, journeyman FoFi
Lair:5 2 transporters, bigdave's ghost, journeyman HOFi


Innate Abilities, Weirdness & Mutations

You are agile. (Dex +4, Str/Int -1)
Your flesh is heat resistant. (rF+)


Message History

Confirm with . or Enter, or press ? or * to list all spells.
Okay, then.
Unknown command.
Okay, then.
Unknown command.
Casting: Mephitic Cloud (safe; 1% risk of failure)
Confirm with . or Enter, or press ? or * to list all spells.
Okay, then.
Okay, then.
Unknown command.
Unknown command.
Unknown command.
Unknown command.
Unknown command.
Unknown command.
Casting: Mephitic Cloud (safe; 1% risk of failure)
Confirm with . or Enter, or press ? or * to list all spells.
Casting: Starburst (dangerous; 2% risk of failure)
Press: ? - help, Dir - look around, f - activate The bolt of fire hits the skyshark!!
The skyshark is heavily wounded.
The skyshark completely misses you. You block the skyshark's attack.
The skyshark completely misses you.
Casting: Starburst (dangerous; 2% risk of failure)
Confirm with . or Enter, or press ? or * to list all spells.
Casting: Starburst (dangerous; 2% risk of failure)
Press: ? - help, Dir - look around, f - activate The bolt of fire hits the skyshark!!
The skyshark is severely wounded.
The skyshark closely misses you. The skyshark completely misses you.
The skyshark barely misses you. The skyshark closely misses you.
The skyshark misses you. The skyshark closely misses you.
Casting: Starburst (dangerous; 2% risk of failure)
Confirm with . or Enter, or press ? or * to list all spells.
Casting: Starburst (dangerous; 2% risk of failure)
Press: ? - help, Dir - look around, f - activate The bolt of fire hits the skyshark!!
The skyshark is almost dead.
The skyshark bites you!
You die...

..P# ####.P....P.#......~~#
.### #..#........#..#.~.~~#
..# #..........#......~###
..# #.###.#######.....~~~#
.## ########## ##....S~~~~ ##
##≈≈≈≈§≈§###...l..~~~~ #####
##≈§≈..§§§§##..P.~.P~~~
≈≈§≈###§≈§.....≈≈☼#....~..~~~
..§≈≈#§§.§......@l#..P.P..~~≈
÷...≈≈≈..§.≈..≈.§°§..#.~..~~~
.......≈...≈≈≈......#..#~~~P~
........≈.≈≈#§≈≈..###..#~.~≈≈
≈≈.....≈.≈≈###≈≈§≈#
##.##..~≈≈≈~~ #≈≈≈....≈≈##
########...# ~~~~~~~
##≈≈≈≈≈≈≈## #.##...###~.~≈~~~
#########
#####.t#8....#.~.~S~~
##..#○☼#......#~~.~.~P


You could see a skyshark (berserk).

Vanquished Creatures
  Harold (Lair:1)
  5 hydras
  2 catoblepae
  Erica (D:8)
  3 two-headed ogres
  A boulder beetle (Lair:1)
  2 death yaks (Lair:3)
  A skyshark (Lair:5)
  A fire crab (Lair:5)
  A manticore (D:11)
  4 elephants
  6 black mambas
  11 cane toads
  Jeremiah (D:9)
  2 gargoyles
  2 rime drakes
  2 komodo dragons
  A kobold demonologist (D:10)
  3 trolls
  4 polar bears
  A meliai (Lair:2)
  19 blink frogs
  5 wyverns
  32 yaks
  3 shadows
  A basilisk (Lair:1)
  4 vampire mosquitoes (Lair:5)
  A steam dragon (D:8)
  18 water moccasins
  6 orc warriors
  3 sky beasts
  6 black bears
  An ice beast (D:8)
  7 wolves
  A centaur (D:9)
  Blork the orc (D:4)
  22 bullfrogs
  10 kobold brigands
  A gnoll sergeant (D:9)
  4 scorpions
  13 wights
  4 killer bees
  4 howler monkeys
  3 electric eels (Lair:5)
  Crazy Yiuf (D:2)
  3 jellies
  5 orc priests
  3 hounds (D:4)
  5 iguanas
  Ijyb (D:5)
  Terence (D:2)
  A sleepcap (D:3)
  7 orc wizards
  30 gnolls
  6 adders
  A shadow imp (D:7)
  A white imp (D:8)
  3 dart slugs
  2 worms (D:2)
  50 orcs
  5 ball pythons
  9 bats
  2 endoplasms
  2 giant cockroaches
  12 goblins
  4 hobgoblins
  21 jackals
  2 quokkas
  2 frilled lizards
  17 kobolds
  5 rats
  3 butterflies (Lair:2)
428 creatures vanquished.

Vanquished Creatures (collateral kills)
  Gastronok (D:9)
  A fire crab (Lair:5)
  A komodo dragon (Lair:2)
  A polar bear (Lair:4)
  A tyrant leech (Lair:5)
  3 blink frogs (Lair:1)
  3 wolves
  A bullfrog (Lair:1)
  2 lava snakes (Lair:5)
  13 foxfires
27 creatures vanquished.

Vanquished Creatures (others)
  A vampire mosquito (Lair:5)
  A wight (D:8)
  1122 foxfires
1124 creatures vanquished.

Grand Total: 1579 creatures vanquished

Notes
Turn   | Place    | Note
-------+----------+-------------------------------------------
     0 | D:1      | Conn the Deep Elf Fire Elementalist began the quest for the
                  | Orb.
     0 | D:1      | Reached XP level 1. HP: 10/10 MP: 6/6
   287 | D:1      | Reached XP level 2. HP: 15/15 MP: 4/8
   679 | D:1      | Reached XP level 3. HP: 19/19 MP: 10/10
   808 | D:1      | Learned a level 2 spell: Scorch
   812 | D:1      | Learned a level 3 spell: Inner Flame
  1692 | D:2      | Reached skill level 4 in Spellcasting
  2050 | D:2      | Noticed Terence
  2056 | D:2      | Killed Terence
  2057 | D:2      | Reached XP level 4. HP: 24/24 MP: 0/12
  2158 | D:2      | Found Bigaer's Armour Shop.
  2226 | D:2      | Found a runed translucent door.
  2227 | D:2      | Noticed Crazy Yiuf
  2254 | D:2      | Killed Crazy Yiuf
  2409 | D:2      | Learned a level 4 spell: Flame Wave
  2487 | D:3      | Found a faded altar of an unknown god.
  2505 | D:3      | Reached skill level 5 in Spellcasting
  2505 | D:3      | Reached XP level 5. HP: 28/28 MP: 0/14
  2635 | D:3      | Learned a level 1 spell: Summon Small Mammal
  3054 | D:4      | Reached skill level 1 in Maces & Flails
  3238 | D:4      | Reached XP level 6. HP: 31/33 MP: 0/16
  3354 | D:4      | Noticed Blork the orc
  3362 | D:4      | Killed Blork the orc
  3370 | D:4      | Reached skill level 6 in Spellcasting
  3621 | D:4      | Reached skill level 5 in Fire Magic
  3839 | D:4      | Reached XP level 7. HP: 37/37 MP: 11/18
  4091 | D:4      | Reached skill level 7 in Spellcasting
  4872 | D:5      | Entered Level 5 of the Dungeon
  4983 | D:5      | Noticed Ijyb
  4991 | D:5      | Killed Ijyb
  4992 | D:5      | Reached skill level 8 in Spellcasting
  4994 | D:5      | Found a white marble altar of Elyvilon.
  5060 | D:5      | Found a staircase to the Ecumenical Temple.
  5084 | Temple   | Entered the Ecumenical Temple
  5340 | D:5      | Found Pesso's Antique Armour Shoppe.
  5346 | D:5      | Bought a glowing scarf for 232 gold pieces
  5382 | D:5      | Found Darr's Jewellery Emporium.
  5451 | D:6      | Learned a level 3 spell: Mephitic Cloud
  5454 | D:6      | Learned a level 2 spell: Call Imp
  5458 | D:6      | Learned a level 3 spell: Swiftness
  5583 | D:6      | Reached XP level 8. HP: 28/42 MP: 20/22
  5712 | D:6      | Reached skill level 1 in Air Magic
  5903 | D:6      | Reached skill level 9 in Spellcasting
  6056 | D:5      | Found a sacrificial altar of Ru.
  6621 | D:7      | Found Arry's Magic Scroll Shop.
  6648 | D:7      | Reached skill level 5 in Conjurations
  6734 | D:7      | Found a blossoming altar of Fedhas.
  6768 | D:7      | Noticed a gargoyle
  6776 | D:7      | Killed a gargoyle
  6777 | D:7      | Reached skill level 10 in Spellcasting
  6777 | D:7      | Reached XP level 9. HP: 46/46 MP: 13/25
  7081 | D:7      | Learned a level 4 spell: Airstrike
  7554 | D:8      | Found a hazy altar of Hepliaklqana.
  7620 | D:8      | Reached skill level 11 in Spellcasting
  7775 | D:8      | Reached skill level 1 in Summonings
  7833 | D:8      | Noticed Erica
  7901 | D:8      | Identified the +3 hand axe "Raeshrinu" {spect, Stlth+}
  7983 | D:8      | Found a flagged portal.
  7995 | Bailey   | Entered a bailey
  8015 | Bailey   | Reached skill level 1 in Shields
  8209 | Bailey   | Reached XP level 10. HP: 46/51 MP: 14/27
  8211 | Bailey   | Reached skill level 12 in Spellcasting
  8216 | Bailey   | Found a burning altar of Makhleb.
  8311 | Bailey   | Identified the +1 leather armour of the End {Stlth+}
  8328 | Bailey   | Learned a level 4 spell: Summon Lightning Spire
  8536 | D:8      | Killed Erica
  8636 | D:8      | Found a glowing golden altar of the Shining One.
  8890 | D:9      | Reached skill level 13 in Spellcasting
  9140 | D:9      | Noticed Jeremiah
  9304 | D:9      | Killed Jeremiah
  9305 | D:9      | Reached skill level 1 in Fighting
  9305 | D:9      | Reached skill level 1 in Hexes
  9388 | D:9      | Noticed Gastronok
  9403 | D:9      | Killed Gastronok
  9404 | D:9      | Reached skill level 5 in Air Magic
  9404 | D:9      | Reached XP level 11. HP: 47/56 MP: 10/30
 10140 | D:10     | Entered Level 10 of the Dungeon
 10153 | D:10     | Reached skill level 5 in Summonings
 10154 | D:10     | Reached skill level 14 in Spellcasting
 10451 | D:10     | Found an opulent altar of Gozag.
 10451 | D:10     | Found a shimmering blue altar of Sif Muna.
 10467 | D:10     | Became a worshipper of Sif Muna the Loreminder
 10827 | D:10     | Found a staircase to the Lair.
 10836 | D:10     | Learned a level 6 spell: Starburst
 10897 | D:10     | Found an ancient bone altar of Kikubaaqudgha.
 10897 | D:10     | Found a glowing silver altar of Zin.
 10897 | D:10     | Noticed a two-headed ogre
 10927 | D:10     | Killed a two-headed ogre
 11066 | D:10     | Found a staircase to the Orcish Mines.
 11088 | D:10     | Learned a level 3 spell: Hailstorm
 11349 | D:10     | Found an ornate altar of the Wu Jian Council.
 11383 | D:10     | Noticed a two-headed ogre
 11384 | D:10     | Killed a two-headed ogre
 11385 | D:10     | Reached skill level 1 in Ice Magic
 11725 | D:10     | Gained mutation: You have hidden genetic defects. [potion
                  | of mutation]
 11726 | D:10     | Lost mutation: You have hidden genetic defects. [potion of
                  | mutation]
 11726 | D:10     | Gained mutation: You are agile. (Dex +4, Str/Int -1)
                  | [potion of mutation]
 11726 | D:10     | Gained mutation: Your flesh is heat resistant. (rF+)
                  | [potion of mutation]
 11829 | D:11     | Reached skill level 1 in Poison Magic
 11831 | D:11     | Noticed a two-headed ogre
 11841 | D:11     | Killed a two-headed ogre
 11842 | D:11     | Reached skill level 15 in Spellcasting
 12000 | Lair:1   | Entered Level 1 of the Lair of Beasts
 12017 | Lair:1   | Noticed a boulder beetle
 12037 | Lair:1   | Reached * piety under Sif Muna
 12044 | Lair:1   | Killed a boulder beetle
 12045 | Lair:1   | Reached skill level 1 in Invocations
 12045 | Lair:1   | Reached XP level 12. HP: 23/61 MP: 8/33
 12447 | Lair:1   | Reached skill level 10 in Fire Magic
 12850 | Lair:1   | Noticed Harold
 12861 | Lair:1   | Killed Harold
 13329 | Lair:2   | Noticed a five-headed hydra
 13332 | Lair:2   | Killed a five-headed hydra
 13614 | Lair:2   | Reached skill level 5 in Ice Magic
 13858 | Lair:2   | Noticed a catoblepas
 13873 | Lair:2   | Killed a catoblepas
 14043 | Lair:2   | Found a hole to the Spider Nest.
 14071 | Lair:2   | Found a sparkling altar of Nemelex Xobeh.
 14784 | Lair:3   | Noticed a death yak
 14784 | Lair:3   | Noticed a death yak
 14784 | Lair:3   | Noticed a death yak
 14784 | Lair:3   | Noticed a death yak
 14784 | Lair:3   | Noticed a death yak
 14894 | Lair:3   | Noticed a five-headed hydra
 14904 | Lair:3   | Killed a five-headed hydra
 15119 | Lair:3   | Noticed a seven-headed hydra
 15126 | Lair:3   | Killed a seven-headed hydra
 15127 | Lair:3   | Reached skill level 10 in Conjurations
 15229 | Lair:3   | Found a transporter.
 15249 | Lair:3   | Noticed Tyvach's ghost (journeyman FoFi)
 15261 | Lair:3   | Noticed an eight-headed hydra
 15352 | Lair:3   | Killed a death yak
 15352 | Lair:3   | Killed a death yak
 15353 | Lair:3   | Reached skill level 16 in Spellcasting
 15353 | Lair:3   | Reached XP level 13. HP: 24/65 MP: 4/35
 15570 | Lair:4   | Reached ** piety under Sif Muna
 15573 | Lair:4   | Reached skill level 5 in Dodging
 15573 | Lair:4   | Reached skill level 5 in Invocations
 16032 | Lair:4   | Found a staircase to the Slime Pits.
 16854 | Lair:5   | Entered Level 5 of the Lair of Beasts
 17546 | Lair:5   | Reached *** piety under Sif Muna
 17867 | Lair:5   | Found a transporter.
 17871 | Lair:5   | Found a transporter.
 17872 | Lair:5   | Noticed bigdave's ghost (journeyman HOFi)
 18076 | Lair:5   | Reached skill level 17 in Spellcasting
 18480 | Lair:5   | HP: 3/65 [skyshark (13)]
 18483 | Lair:5   | Mangled by a skyshark

Illustrated notes

Levels and vault maps discovered:
D:1:      dpeg_arrival_fog, layout_loops_ring, minmay_close_crescents
D:2:      layout_basic, serial_shops, nicolae_shop_tiny_waterfront,
          uniq_terence, uniq_crazy_yiuf_cottage
D:3:      layout_rooms, hellmonk_ecumenical_altar_blasted
D:4:      lemuel_castle_with_subvaults [lemuel_castle_interior_carwin_2],
          layout_cave_pools, chequers_serial_rivers_micro_e,
          minmay_misc_feat_room, kennysheep_flooded_box, uniq_blork_the_orc
D:5:      layout_rooms, mainiacjoe_overflow_chevrons,
          nicolae_overflow_hidden_temple, minmay_temple_entry_stoned_glass,
          serial_shops, nicolae_shop_behind_doors, hangedman_decor_points,
          minmay_shop_enchanted_jewellery, uniq_ijyb
D:6:      layout_basic
D:7:      layout_loops_ring, lemuel_round_altar, serial_shops,
          nicolae_shop_just_a_little_nook
D:8:      layout_cave_pools, lemuel_crystal_altar, general_overflow_altar,
          enter_bailey_5, uniq_erica
D:9:      layout_gridville, kennysheep_generic_room_3, uniq_gastronok,
          uniq_jeremiah
D:10:     layout_loops_corners, jmf_multi_god_temple, overflow_temple_1_default,
          gammafunk_temple_overflow_pools, due_lair_maze_entry_diamond,
          orc_0_dummy
D:11:     layout_loops_ring
Temple:   minmay_temple_forest_path
Lair:1:   layout_hall_layers, uniq_harold
Lair:2:   layout_cave_pods, hellmonk_spider_entry_not_the_bees, basic_altar,
          chequers_serial_rivers_micro_d, beast_lair_carwin_2,
          lemuel_fruit_fields, lemuel_fruit_fields
Lair:3:   layout_gridlike, minmay_swamp_entry_wisps,
          gammafunk_ghost_berserking_beasts, eino_house_with_fridge,
          lemuel_fruit_fields
Lair:4:   layout_loops_ring, nicolae_slime_entry_field_trip, grunt_megastairs_2
Lair:5:   minmay_lair_end_frog_pond, layout_loops_ring, gammafunk_ghost_hive,
          st_stairs_11, minivault_24, nicolae_lair_liquid_snakes

Skill      XL: |  1  2  3  4  5  6  7  8  9 10 11 12 13 |
---------------+----------------------------------------+-----
Spellcasting   | 4 5 6 8 10 11 13 15 16 17 | 17.0
Stealth        | 3 4 |  4.5
Conjurations   | 2 3 5 6 7 9 10 11 | 11.5
Fire Magic     | 4 5 7 8 9 11 12 | 12.4
Maces & Flails | 1 2 |  2.1
Dodging        | 3 4 5 |  5.4
Air Magic      | 3 4 5 6 |  6.6
Summonings     | 1 4 5 |  5.6
Shields        | 1 |  1.9
Fighting       | 1 |  1.6
Hexes          | 1 2 |  2.5
Ice Magic      | 3 5 |  5.7
Poison Magic   | 1 2 |  2.1
Invocations    | 1 4 6 |  6.7

Action                     |  1- 3 |  4- 6 |  7- 9 | 10-12 | 13-15 || total
---------------------------+-------+-------+-------+-------+-------++-------
  Melee: Unarmed           |     3 |       |       |       |       ||     3
         Dagger            |    16 |       |       |       |       ||    16
         Mace              |       |    27 |    31 |    26 |    16 ||   100
         Punch             |       |       |     1 |       |       ||     1
         Staff             |       |       |       |       |     5 ||     5
   Cast: Foxfire           |    55 |    63 |   207 |   247 |    80 ||   652
         Scorch            |    14 |    16 |    74 |    98 |    61 ||   263
         Inner Flame       |     2 |     5 |     1 |    26 |       ||    34
         Flame Wave        |       |       |     7 |    22 |    17 ||    46
         Mephitic Cloud    |       |       |       |    23 |     6 ||    29
         Summon Lightning  |       |       |       |     8 |     8 ||    16
         Starburst         |       |       |       |    14 |    20 ||    34
         Swiftness         |       |       |       |     1 |     1 ||     2
         Airstrike         |       |       |       |     1 |     4 ||     5
         Hailstorm         |       |       |       |       |     1 ||     1
 Invoke: Channel Magic     |       |       |       |     1 |       ||     1
    Use: Scroll            |       |     3 |     6 |     7 |     1 ||    17
         Potion            |       |     1 |     3 |     6 |     5 ||    15
   Stab: Sleeping          |     3 |     2 |       |       |     1 ||     6
 Armour: Robe              |    11 |    19 |    35 |   100 |    86 ||   251
         Skin              |       |       |       |    50 |    40 ||    90
  Dodge: Dodged            |    13 |    37 |    58 |    71 |    93 ||   272
         Repelled          |       |       |     2 |       |     1 ||     3
  Block: Other             |       |       |    20 |    22 |    28 ||    70
         Reflection        |       |       |     7 |     1 |     1 ||     9

Table legend: (Time is in decaauts)
 A = Elapsed time spent in this place.
 B = Non-inter-level travel time spent in this place.
 C = Inter-level travel time spent in this place.
 D = Time resting spent in this place.
 E = Time spent auto-exploring this place.
 F = Levels seen in this place.
 G = Mean time per level.
                   A        B        C        D        E       F      G
               +--------+--------+--------+--------+--------+-----+--------+
         Total |  18526 |  18236 |    290 |   2722 |  11029 |  18 | 1029.2 |
       Dungeon |  11639 |  11462 |    177 |   1194 |   7254 |  11 | 1058.1 |
        Temple |     25 |     25 |      0 |      0 |      0 |   1 |   25.0 |
          Lair |   6497 |   6384 |    113 |   1447 |   3637 |   5 | 1299.4 |
        Bailey |    364 |    364 |      0 |     81 |    137 |   1 |  364.0 |
               +--------+--------+--------+--------+--------+-----+--------+

Top non-repeatable levels by time:
  Lair:4: 1947 daAuts
     D:4: 1743 daAuts
  Lair:2: 1614 daAuts
     D:9: 1600 daAuts
    D:10: 1535 daAuts
     D:2: 1373 daAuts
  Lair:1: 1281 daAuts
     D:7: 1233 daAuts
  Lair:5: 1188 daAuts
     D:1: 1062 daAuts
     D:6: 1003 daAuts
     D:8: 772 daAuts
     D:3: 704 daAuts
     D:5: 559 daAuts
  Lair:3: 464 daAuts
